 Dungeon Crawl Stone Soup version 0.20.0-4-g10b340a (webtiles) character file.

42 straycat the Ducker (level 3, -7/26 HPs)
             Began as a Vampire Wanderer on May 27, 2017.
             Mangled by Sigmund
             ... wielding a +5 scythe of venom
              (8 damage)
             ... on level 2 of the Dungeon.
             The game lasted 00:15:31 (3223 turns).

straycat the Ducker (Vampire Wanderer)              Turns: 3223, Time: 00:15:32

Health: -7/26      AC:  6    Str: 10    XL:     3   Next: 33%
Magic:  4/4        EV: 11    Int: 13    God:
Gold:   77         SH:  0    Dex: 16    Spells: 3/4 levels left

rFire    . . .     SeeInvis +   h - +0 short sword
rCold    . . .     Gourm    .   (no shield)
rNeg     + . .     Faith    .   j - +0 ring mail
rPois    .         Spirit   .   (no helmet)
rElec    .         Reflect  .   (no cloak)
rCorr    .         Harm     .   (no gloves)
MR       .....                  l - +0 pair of boots
Stlth    ..........             (no amulet)
Regen    0.1/turn               (no ring)
MPRegen  0.1/turn               (no ring)

@: confused
A: fangs 3, see invisible, unbreathing
a: Bat Form


You were on level 2 of the Dungeon.
You were not thirsty.

You visited 1 branch of the dungeon, and saw 3 of its levels.

You collected 77 gold pieces.

Inventory:

Hand Weapons
 d - a +0 dagger
 h - a +0 short sword (weapon)
Missiles
 i - 51 stones (quivered)
 m - 25 arrows
Armour
 c - a +0 robe
 j - a +0 ring mail (worn)
 l - a +0 pair of boots (worn)
Scrolls
 f - 3 scrolls of identify {unknown}
 g - a scroll of noise {unknown}
 o - a scroll of remove curse {unknown}
 p - 3 scrolls of random uselessness {unknown}
Potions
 e - 4 potions of blood
 k - a potion of agility {unknown}
 n - a potion of mutation {unknown}
Books
 a - a book of Flames

   Spells                             Type                      Level
   a - Flame Tongue                   Conjuration/Fire             1
   b - Throw Flame                    Conjuration/Fire             2
   c - Conjure Flame                  Conjuration/Fire             3
   d - Inner Flame                    Hexes/Fire                   3
   e - Sticky Flame                   Conjuration/Fire             4
   f - Fireball                       Conjuration/Fire             5
 b - the Incunabulum of Confrontation

   Spells                             Type                      Level
   a - Sting                          Conjuration/Poison           1
   b - Conjure Flame                  Conjuration/Fire             3


   Skills:
 + Level 1.1 Fighting
 * Level 0.0(1.2) Short Blades
   Level 2.0 Long Blades
 * Level 3.2 Dodging
 - Level 1.5 Stealth
   Level 1.0 Shields
 - Level 1.0 Spellcasting
   Level 1.1 Charms
   Level 2.4 Fire Magic


You had 3 spell levels left.
You knew the following spells:

 Your Spells              Type           Power        Failure   Level  Hunger
a - Sting                 Conj/Pois      #...         58%         1    ##.....


Dungeon Overview and Level Annotations

Branches:
Dungeon (3/15)

Altars:
Cheibriados
Fedhas
Makhleb
Xom

Annotations:
D:2 Sigmund, Terence


Innate Abilities, Weirdness & Mutations

You have razor-sharp teeth.
You have supernaturally acute eyesight. (SInv)
You can survive without breathing.


Message History

Terence hits you but does no damage. The hobgoblin completely misses you.
Terence barely misses you.
Found an escape hatch in the ceiling.
There is an escape hatch in the ceiling here.
Terence barely misses you. A mysterious force pulls you upwards.
The hatch slams shut behind you.
Level annotation: Sigmund Sigmund shouts!
A kobold comes into view. It is wielding a short sword.
The kobold moves out of view.
Sigmund gestures at you while chanting.
You are confused.
You barely miss Terence.
Terence is moderately wounded.
Terence hits you with an enchanted flail.
* * * LOW HITPOINT WARNING * * *
You bump into the rock wall.
Sigmund says, "Now you see me, now you don't..."
Sigmund hits you from afar with a scythe of venom!
You die...

#########
#####.......#
#...........#
#.##.....#..#
#...#....#..#
#....#..#...#
#@@..###....#
#...###.....# ###
#@.#..#.....# ##..
#K#....#....###...
#.#.....##..# ....
#...........# #...
#..#.######.# ##..
##...# ##.# ##.
#.### ###.#..# #.


You could see Sigmund, Terence and a kobold.

Vanquished Creatures
  An adder (D:2)
  A dart slug (D:1)
  A leopard gecko (D:2)
  A goblin (D:2)
  5 hobgoblins
  2 jackals (D:1)
  2 ball pythons (D:1)
  4 bats
  5 frilled lizards
  5 kobolds
  6 rats
33 creatures vanquished.

Notes
Turn   | Place    | Note
-------+----------+-------------------------------------------
     0 | D:1      | straycat the Vampire Wanderer began the quest for the Orb.
     0 | D:1      | straycat set off with: a book of Flames, the Incunabulum of Confrontation, a +0 robe, a +0 dagger, a potion of blood
     0 | D:1      | Reached XP level 1. HP: 15/15 MP: 2/2
     1 | D:1      | Identified the Incunabulum of Confrontation
     3 | D:1      | Learned a level 1 spell: Sting
    62 | D:1      | Reached skill level 1 in Dodging
   283 | D:1      | Reached XP level 2. HP: 19/21 MP: 1/3
   308 | D:1      | Reached skill level 2 in Dodging
  1503 | D:2      | Noticed Sigmund
  1644 | D:2      | Found a blossoming altar of Fedhas.
  1740 | D:2      | HP: 1/21 [adder (4)]
  1741 | D:2      | Reached skill level 3 in Dodging
  1741 | D:2      | Reached XP level 3. HP: 13/26 MP: 0/4
  2063 | D:2      | Found a snail-covered altar of Cheibriados.
  2827 | D:2      | Found a shimmering altar of Xom.
  2833 | D:2      | Found a burning altar of Makhleb.
  2894 | D:2      | Noticed Terence
  3222 | D:2      | HP: 1/26 [Terence/enchanted flail (6)]
  3223 | D:2      | Mangled by Sigmund

Skill      XL: |  1  2 |
---------------+-------+-----
Dodging        | 1 3 |  3.2
Fighting       | |  1.1
Long Blades    | |  2.0
Stealth        | |  1.5
Shields        | |  1.0
Spellcasting   | |  1.0
Charms         | |  1.1
Fire Magic     | |  2.4

Action                   || total
-------------------------++-------
Melee: Dagger            ||   135
       Bite              ||    10
       Short sword       ||    13
 Cast: Sting             ||    23
  Use: Potion            ||     9
 Stab: Sleeping          ||     2
Armor: Robe              ||    20
       Ring mail         ||     5
Dodge: Dodged            ||   115
